 Dungeon Crawl Stone Soup version 0.18.1-48-g4cf74bf (webtiles) character file.

58 Lennu the Chiller (level 4, 0/30 HPs)
             Began as a Merfolk Ice Elementalist on June 29, 2016.
             Was an Initiate of Qazlal.
             Slain by Crazy Yiuf
             ... wielding a +3 quarterstaff of chaos
              (3 damage)
             ... on level 2 of the Dungeon.
             The game lasted 00:07:08 (1692 turns).

Lennu the Chiller (Merfolk Ice Elementalist)        Turns: 1692, Time: 00:07:10

Health: 0/30       AC:  5    Str:  9    XL:     4   Next: 2%
Magic:  3/7        EV: 11    Int: 14    God:    Qazlal [......]
Gold:   91         SH:  0    Dex: 14    Spells: 2 memorised, 4 levels left

rFire  . . .     SeeInvis .     d - +0 dagger
rCold  . . .     Gourm    .     o - +0 ring mail
rNeg   . . .     Faith    .     (no shield)
rPois  .         Spirit   .     (no helmet)
rElec  .         Dismiss  .     (no cloak)
rCorr  .         Reflect  .     (no gloves)
SustAt .         Harm     .     (no boots)
MR     .....                    (no amulet)
Stlth  ++........               (no ring)
                                (no ring)

@: not resistant to hostile enchantments, unstealthy
A: change form in water, swift swim
a: Renounce Religion


You were on level 2 of the Dungeon.
You worshipped Qazlal.
Qazlal was noncommittal.
You were very full.

You visited 1 branch of the dungeon, and saw 2 of its levels.

You collected 91 gold pieces.

Inventory:

Hand Weapons
 d - a +0 dagger (weapon)
Armour
 o - a +0 ring mail (worn)
Scrolls
 a - a scroll of immolation {unknown}
 i - 2 scrolls of identify {unknown}
 j - 2 scrolls of teleportation {unknown}
 k - a scroll of recharging {unknown}
Potions
 e - a potion of mutation {unknown}
 g - a potion of degeneration {unknown}
 h - 2 potions of agility {unknown}
 m - a potion of heal wounds {unknown}
 n - a potion of flight {unknown}
Books
 b - a book of Frost

   Spells                             Type                      Level
   a - Freeze                         Ice                          1
   b - Throw Frost                    Conjuration/Ice              2
   c - Ozocubu's Armour               Charms/Ice                   3
   d - Throw Icicle                   Conjuration/Ice              4
   e - Summon Ice Beast               Ice/Summoning                4
Comestibles
 c - 2 bread rations
 f - a beef jerky


   Skills:
 + Level 0.2 Fighting
 + Level 0.2 Short Blades
 + Level 3.2 Dodging
 + Level 2.7 Stealth
 + Level 2.5 Spellcasting
   Level 0.7 Conjurations
 + Level 4.1 Ice Magic


You had 4 spell levels left.
You knew the following spells:

 Your Spells              Type           Power        Failure   Level  Hunger
a - Freeze                Ice            ##..         14%         1    #......
b - Ozocubu's Armour      Chrm/Ice       #.......     83%         3    ###....


Dungeon Overview and Level Annotations

Branches:
Dungeon (2/15)

Altars:
Dithmenos
Qazlal
Ru

Annotations:
D:2 Crazy Yiuf


Message History

Confirm with . or Enter, or press ? or * to list all spells.
Aiming: Freeze
Press: ? - help, Shift-Dir - straight line, f/p - Crazy Yiuf
Aim: Crazy Yiuf, wielding a quarterstaff of chaos and wearing a cloak (heavily wounded, fast)
You freeze Crazy Yiuf.
Crazy Yiuf is heavily wounded.
Crazy Yiuf hits you with a quarterstaff of chaos.
Crazy Yiuf freezes you.
Casting: Freeze
Confirm with . or Enter, or press ? or * to list all spells.
Aiming: Freeze
Press: ? - help, Shift-Dir - straight line, f/p - Crazy Yiuf
Aim: Crazy Yiuf, wielding a quarterstaff of chaos and wearing a cloak (heavily wounded, fast)
You freeze Crazy Yiuf.
Crazy Yiuf is severely wounded.
Crazy Yiuf closely misses you.
Crazy Yiuf hits you with a quarterstaff of chaos!
* * * LOW HITPOINT WARNING * * *
Crazy Yiuf freezes you.
You die...

##.#. #.... #.... #.##.
# #. ### ♣♣#### #.###
#)..#♣ ♣♣..#.## #....
#....g♣♣♣♣......# #####
♣@.♣..♣....# #
♣♣♣.♣...##.# #
♣♣♣♣♣##..## # #...# #
#################.# #
#.#..#.#..##.# #.#
#)#.......##.# #.######
#. #.#.#.# #.####......#
#.##.....###.##......#.#


You could see Crazy Yiuf.

Vanquished Creatures
  An adder (D:2)
  An ooze (D:2)
  A worm (D:2)
  3 dart slugs
  3 giant geckos
  A giant cockroach (D:1)
  2 goblins
  4 hobgoblins
  4 jackals (D:1)
  6 kobolds
  A bat (D:1)
  A giant newt (D:1)
  4 rats (D:1)
32 creatures vanquished.

Notes
Turn   | Place    | Note
--------------------------------------------------------------
     0 | D:1      | Lennu the Merfolk Ice Elementalist began the quest for the Orb.
     0 | D:1      | Reached XP level 1. HP: 13/13 MP: 3/3
   337 | D:1      | Reached XP level 2. HP: 18/19 MP: 3/5
   648 | D:1      | Reached XP level 3. HP: 12/24 MP: 3/6
  1041 | D:2      | Found a stormy altar of Qazlal.
  1060 | D:2      | Became a worshipper of Qazlal Stormbringer
  1124 | D:2      | Found a sacrificial altar of Ru.
  1315 | D:2      | Found a shadowy altar of Dithmenos.
  1524 | D:2      | Reached skill level 4 in Ice Magic
  1529 | D:2      | Learned a level 3 spell: Ozocubu's Armour
  1564 | D:2      | Reached XP level 4. HP: 19/30 MP: 1/7
  1685 | D:2      | Noticed Crazy Yiuf
  1692 | D:2      | Slain by Crazy Yiuf

Skill      XL: |  1  2  3 |
---------------+----------+-----
Dodging        | 3 |  3.2
Ice Magic      | 4 |  4.1
Fighting       | |  0.2
Short Blades   | |  0.2
Stealth        | |  2.7
Spellcasting   | |  2.5
Conjurations   | |  0.7

Action                   |  1- 3 |  4- 6 || total
-------------------------+-------+-------++-------
Melee: Dagger            |    91 |       ||    91
 Cast: Freeze            |    30 |     5 ||    35
 Stab: Sleeping          |     4 |       ||     4
  Eat: Chunk             |     1 |       ||     1
       Bread ration      |       |     2 ||     2
Armor: Robe              |     8 |       ||     8
       Scale mail        |    17 |       ||    17
       Ring mail         |     5 |       ||     5
Dodge: Dodged            |    64 |     2 ||    66
